 Dungeon Crawl Stone Soup version 0.18-a0-1683-gf9322e6 (webtiles) character file.

1868 inmateoo the Grappler (level 8, -3/66 HPs)
             Began as a Yellow Draconian Arcane Marksman on Apr 3, 2016.
             Slain by a troll (17 damage)
             ... on level 6 of the Dungeon.
             The game lasted 00:08:42 (7098 turns).

inmateoo the Grappler (DrAM)                        Turns: 7098, Time: 00:08:42

Health: -3/66      AC: 11    Str: 20    XL:     8   Next: 90%
Magic:  13/13      EV: 13    Int: 15    God:
Gold:   19         SH:  0    Dex: 10    Spells: 3 memorised, 5 levels left

rFire  + . .     SeeInvis .     u - +3 hand axe (elec)
rCold  . . .     Gourm    .     (armour unavailable)
rNeg   . . .     Faith    .     (no shield)
rPois  .         Spirit   .     (helmet restricted)
rElec  .         Dismiss  .     G - +0 cloak
rCorr  +         Reflect  .     n - +1 pair of gloves {Str+3}
SustAt .         Harm     .     F - +0 pair of boots
MR     .....     Clarity  +     (no amulet)
Stlth  +.........               (no ring)
                                w - +2 ring of strength

@: not resistant to hostile enchantments, very unstealthy
A: spit acid, acid resistance, unfitting armour, clarity, fire resistance 1,
shaggy fur 1, cold-blooded, AC +6
a: Spit Acid


You were on level 6 of the Dungeon.
You were near starving.

You visited 1 branch of the dungeon, and saw 7 of its levels.

You collected 325 gold pieces.
You spent 306 gold pieces at shops.

Inventory:

Hand Weapons
 a - a +0 hunting sling
 u - a +3 hand axe of electrocution (weapon)
Missiles
 c - 57 sling bullets
 m - 191 stones (quivered)
 D - 16 sling bullets of flame
Armour
 n - a +1 pair of gloves of strength (worn)
 F - a +0 pair of boots (worn)
 G - a +0 cloak (worn)
Jewellery
 w - a +2 ring of strength (left hand)
Wands
 t - a wand of polymorph (6/24)
 C - a wand of flame (26/48)
Scrolls
 g - 2 scrolls of amnesia
 h - 4 scrolls of teleportation
 i - a scroll of vulnerability {unknown}
 k - 4 scrolls of remove curse
 o - a scroll of recharging
 s - a scroll of enchant armour
 x - 3 scrolls of fear
 E - a scroll of magic mapping
Potions
 e - 3 potions of magic
 j - a potion of cancellation
 p - 3 potions of resistance
 v - a potion of flight
 z - a potion of brilliance
 A - 2 potions of curing
 B - a potion of ambrosia
Books
 b - a book of Debilitation

   Spells                             Type                      Level
   a - Corona                         Hexes                        1
   b - Slow                           Hexes                        2
   c - Gell's Gravitas                Hexes/Translocation          3
   d - Inner Flame                    Hexes/Fire                   3
   e - Cause Fear                     Hexes                        4
   f - Leda's Liquefaction            Hexes/Earth                  4
 y - a book of Transfigurations

   Spells                             Type                      Level
   a - Irradiate                      Conjuration/Transmutation    5
   b - Statue Form                    Transmutation/Earth          6
   c - Hydra Form                     Transmutation                6
   d - Dragon Form                    Transmutation                7
Comestibles
 d - 3 bread rations
 f - 2 fruits
 l - a beef jerky
 q - a slice of pizza
 r - 3 meat rations


   Skills:
 + Level 4.1 Fighting
 - Level 1.7 Slings
 + Level 3.6 Dodging
 + Level 8.9 Unarmed Combat
 + Level 3.3 Spellcasting
 - Level 2.6 Hexes
 + Level 3.2 Transmutations


You had 5 spell levels left.
You knew the following spells:

 Your Spells              Type           Power        Failure   Level  Hunger
a - Corona                Hex            ##.....      8%          1    None
b - Slow                  Hex            ##......     12%         2    ##.....
c - Irradiate             Conj/Trmt      #.........   100%        5    ######.


Dungeon Overview and Level Annotations

Branches:
Dungeon (7/15)
 Temple: D:4-7

Altars:
Dithmenos
Fedhas
Gozag
Qazlal
The Shining One

Shops:
D:7 **([


Innate Abilities, Weirdness & Mutations

You can spit globs of acid.
You are resistant to acid.
Your golden yellow scales are hard (AC +6).
Your body does not fit into most forms of armour.
You are cold-blooded and may be slowed by cold attacks.
You possess an exceptional clarity of mind.
Your flesh is heat resistant.
You are covered in fur (AC +1).


Message History

You hit the troll.
There is a sudden explosion of sparks!
Your tail-slap misses the troll.
The troll is heavily wounded.
The troll bites you! The troll claws you! The troll misses you.
You slash the troll!
The troll is severely wounded.
The troll bites you. The troll claws you.
* * * LOW HITPOINT WARNING * * *
The troll claws you but does no damage. The troll bites you but does no damage.
The troll claws you.
* * * LOW HITPOINT WARNING * * *
The troll claws you.
* * * LOW HITPOINT WARNING * * *
You hit the troll.
The troll is almost dead.
The troll completely misses you. x2; The troll claws you but does no damage.
You barely miss the troll.
The troll is severely wounded.
The troll bites you!
You die...

#..####...........# #.##
#...........## ##.#
##..........## #))##
##.......[..# #)).##
##.........# #....###
##.....##.## #......##
########..# ##.....T.##
##.## #.......@.# ##..#
#.........# ##...###
#.........# #...<...
##.........# ##.......
#..........# ##........
#.........## ##.........
#......<..# ##..........
#.........# ##.......#...
#........#####...........#


You could see a troll.

Vanquished Creatures
  The ghost of inmateoo the Ruffian, a novice DrAM of Cheibriados (D:7)
  A hippogriff (D:7)
  An ice beast (D:6)
  A phantom (D:7)
  An ogre (D:6)
  A centaur (D:7)
  A giant frog (D:6)
  2 scorpions (D:6)
  A giant frog zombie (D:7)
  2 hounds
  2 orc priests
  2 jellies
  A gnoll shaman (D:6)
  A giant frog skeleton (D:4)
  6 orc wizards
  3 worker ants
  A worker ant zombie (D:6)
  4 gnolls (D:6)
  11 adders
  3 shadow imps
  4 worms
  7 giant geckos
  17 orcs
  A ball python (D:4)
  4 giant cockroaches
  6 goblins
  6 hobgoblins
  6 jackals
  7 bats
  A giant gecko zombie (D:7)
  4 giant newts
  4 kobolds
  A quokka skeleton (D:5)
  11 rats
125 creatures vanquished.

Notes
Turn   | Place    | Note
--------------------------------------------------------------
     0 | D:1      | inmateoo the Draconian Arcane Marksman began the quest for the Orb.
     0 | D:1      | Reached XP level 1. HP: 16/16 MP: 2/2
   154 | D:1      | Reached skill level 1 in Unarmed Combat
   200 | D:1      | Reached XP level 2. HP: 21/23 MP: 3/3
   528 | D:1      | Reached skill level 2 in Unarmed Combat
   721 | D:2      | Reached XP level 3. HP: 13/28 MP: 4/4
   936 | D:2      | Reached skill level 3 in Unarmed Combat
   990 | D:2      | Found a blossoming altar of Fedhas.
  1160 | D:2      | Reached XP level 4. HP: 32/35 MP: 5/5
  1299 | D:2      | Found a stormy altar of Qazlal.
  1300 | D:2      | Noticed an earth elemental
  1301 | D:2      | Noticed a water elemental
  1301 | D:2      | Noticed a fire elemental
  1301 | D:2      | Noticed an air elemental
  1463 | D:3      | Reached skill level 4 in Unarmed Combat
  1952 | D:3      | Reached XP level 5. HP: 11/40 MP: 6/6
  2484 | D:3      | Reached skill level 5 in Unarmed Combat
  3421 | D:4      | Noticed an ogre
  3424 | D:4      | HP: 1/40 [quokka (5)]
  3762 | D:3      | Reached skill level 6 in Unarmed Combat
  3762 | D:3      | Reached XP level 6. HP: 18/47 MP: 7/7
  4216 | D:5      | Entered Level 5 of the Dungeon
  4593 | D:5      | Learned a level 2 spell: Slow
  4627 | D:5      | Reached skill level 7 in Unarmed Combat
  4786 | D:5      | Found a shadowy altar of Dithmenos.
  4826 | D:5      | Found an opulent altar of Gozag.
  4845 | D:5      | Your scales start taking on a golden yellow colour.
  4845 | D:5      | Reached XP level 7. HP: 27/52 MP: 8/8
  5119 | D:5      | Gained mutation: You are covered in fur (AC +1). [potion of mutation]
  5119 | D:5      | Gained mutation: You possess an exceptional clarity of mind. [potion of mutation]
  5119 | D:5      | Gained mutation: Your flesh is heat resistant. [potion of mutation]
  5316 | D:6      | Reached skill level 8 in Unarmed Combat
  5393 | D:6      | Learned a level 5 spell: Irradiate
  5600 | D:6      | Found a glowing golden altar of the Shining One.
  5748 | D:6      | Reached skill level 1 in Transmutations
  6096 | D:6      | Reached XP level 8. HP: 62/62 MP: 9/11
  6825 | D:7      | Found Domp's Armour Shoppe.
  6842 | D:7      | Bought a +0 pair of boots for 54 gold pieces
  6847 | D:7      | Noticed inmateoo's ghost (novice DrAM)
  6867 | D:7      | Killed inmateoo's ghost
  6877 | D:7      | Bought a +1 pair of gloves of strength for 198 gold pieces
  6877 | D:7      | Bought a +0 cloak for 54 gold pieces
  7044 | D:7      | Found Zadd's Assorted Antiques.
  7048 | D:7      | Found Toumy's General Store.
  7083 | D:7      | Found Jit Emaysikh's Antique Weapon Emporium.
  7085 | D:7      | Noticed a troll
  7098 | D:6      | Slain by a troll

Vault maps used:
D:1:      dpeg_arrival_orchard
D:2:      fedhas_altar_3, nicolae_qazlal_style_of_elements
D:3:      nicolae_overflow_hidden_temple
D:4:      first_bread, minmay_misc_feat_square
D:5:      grunt_gozag_statues, kennysheep_little_box
D:6:      lemuel_round_altar, grunt_decor_cap
D:7:      temple_fountains, serial_shops, nicolae_shop_waterfront,
          nicolae_shop_stone, nicolae_shop_overgrown_old_shop, kennysheep_mini,
          shop, the_bakery, hangedman_decor_lopped

Skill      XL: |  1  2  3  4  5  6  7  8 |
---------------+-------------------------+-----
Unarmed Combat | 1 2 3 4 6 7 8 |  8.9
Dodging        | 2 3 |  3.6
Transmutations | 1 3 |  3.2
Fighting       | 2 4 |  4.1
Spellcasting   | 2 3 |  3.3
Slings         | |  1.7
Hexes          | |  2.6

Action                   |  1- 3 |  4- 6 |  7- 9 || total
-------------------------+-------+-------+-------++-------
Melee: Dagger            |    64 |   154 |       ||   218
       Hand axe          |       |    78 |   134 ||   212
 Fire: Hunting sling     |    35 |       |       ||    35
 Cast: Slow              |       |       |     1 ||     1
Evoke: Wand              |       |     4 |       ||     4
  Use: Scroll            |       |    19 |     3 ||    22
       Potion            |       |     2 |     3 ||     5
  Eat: Chunk             |     1 |     6 |     6 ||    13
       Meat ration       |       |     1 |       ||     1
       Pizza             |       |       |     1 ||     1
